 Dungeon Crawl Stone Soup version 0.29.1-1-gd02db6906a (webtiles) character file.

Game seed: 6452634676335699825

76 tardwrangler69 the Magician (level 4, -1/24 HPs)
             Began as a Deep Elf Earth Elementalist on Oct 8, 2022.
             Killed from afar by Terence (9 damage)
             ... with a puff of flame
             ... on level 3 of the Dungeon.
             The game lasted 00:01:13 (1810 turns).

tardwrangler69 the Magician (DEEE)                  Turns: 1810, Time: 00:01:14

Health: -1/24      AC:  3    Str:  5    XL:     4   Next: 12%
Magic:  6/12       EV: 12    Int: 22    God:
Gold:   107        SH:  0    Dex: 15    Spells: 11/12 levels left

rFire   . . .      SeeInvis .   (no weapon)
rCold   . . .      Faith    .   (no shield)
rNeg    . . .      Spirit   .   a - +0 robe
rPois   .          Reflect  .   (no helmet)
rElec   .          Harm     .   (no cloak)
rCorr   .          Rampage  .   j - +0 pair of gloves
Will    .....                   (no boots)
Stlth   ++........              (no amulet)
HPRegen 0.08/turn               (no ring)
MPRegen 0.13/turn               (no ring)

@: no status effects
A: no striking features
a: no special abilities


You were on level 3 of the Dungeon.
You visited 1 branch of the dungeon, and saw 3 of its levels.

You collected 107 gold pieces.

Inventory:

Armour
 a - a +0 robe (worn)
 j - a +0 pair of gloves (worn)
Jewellery
 k - a ring of wizardry
Scrolls
 d - 2 scrolls of identify {unknown}
 e - a scroll of noise {unknown}
 l - 2 scrolls of teleportation {unknown}
 m - a scroll of immolation {unknown}
 n - a scroll of enchant armour {unknown}
Potions
 b - a potion of magic
 c - a potion of might {unknown}
 f - 3 potions of cancellation {unknown}
 g - a potion of invisibility {unknown}
 h - a potion of mutation {unknown}
 i - a potion of lignification {unknown}


   Skills:
 - Level 2.4 Dodging
 - Level 2.4 Stealth
 + Level 4.7 Spellcasting
 - Level 1.1 Transmutations
 + Level 4.5 Earth Magic


You had 11 spell levels left.
You knew the following spells:

 Your Spells              Type           Power      Damage    Failure   Level
a - Sandblast             Erth           50%        2d12      1%          1

Your spell library contained the following spells:

 Spells                   Type           Power      Damage    Failure   Level
 Passwall                 Tmut/Erth      14%        N/A       4%          2
 Stone Arrow              Conj/Erth      30%        3d8       12%         3
 Gell's Gravitas          Tloc           5%         N/A       30%         3
 Lesser Beckoning         Tloc           5%         N/A       30%         3
 Teleport Other           Tloc           5%         N/A       30%         3
 Petrify                  Tmut/Erth      17%        N/A       32%         4


Dungeon Overview and Level Annotations

Branches:
Dungeon (3/15)

Altars:

Annotations:
D:3 Terence


Message History

The blast of sand hits Terence!
Terence is severely wounded.
Terence barely misses you.
Casting: Sandblast (safe; 1% risk of failure)
Confirm with . or Enter, or press ? or * to list all spells.
Aiming: Sandblast (safe; 1% risk of failure)
Press: ? - help, Shift-Dir - straight line, f/p - Terence
Aim: Terence, wielding a +0 mace, wearing a +0 chain mail and carrying a wand of flame (20) (severely wounded, 87% to hit)
The blast of sand hits Terence but does no damage.
Terence is severely wounded.
Terence completely misses you. The adder attacks as you move away!
The adder closely misses you. Terence attacks as you move away!
Terence barely misses you.
Casting: Sandblast (safe; 1% risk of failure)
Confirm with . or Enter, or press ? or * to list all spells.
Aiming: Sandblast (safe; 1% risk of failure)
Press: ? - help, Shift-Dir - straight line, f/p - Terence
Aim: Terence, wielding a +0 mace, wearing a +0 chain mail and carrying a wand of flame (20) (severely wounded, 87% to hit)
The blast of sand hits the adder!
The adder is almost dead.
The adder barely misses you. The adder bites you but does no damage.
Casting: Sandblast (safe; 1% risk of failure)
Confirm with . or Enter, or press ? or * to list all spells.
Aiming: Sandblast (safe; 1% risk of failure)
Press: ? - help, Shift-Dir - straight line, f/p - Terence
Aim: Terence, wielding a +0 mace, wearing a +0 chain mail and carrying a wand of flame (20) (severely wounded, 87% to hit)
The blast of sand hits the adder!
You kill the adder!
You have reached level 4!
You feel clever.
Casting: Sandblast (safe; 1% risk of failure)
Confirm with . or Enter, or press ? or * to list all spells.
Aiming: Sandblast (safe; 1% risk of failure)
Press: ? - help, Shift-Dir - straight line, f/p - Terence
Aim: Terence, wielding a +0 mace, wearing a +0 chain mail and carrying a wand of flame (20) (heavily wounded, 87% to hit)
The blast of sand hits Terence.
Terence is severely wounded.
Terence zaps a wand.
The puff of flame hits you!
Terence zaps a wand.
The puff of flame hits you!
You die...

#.# ### #.# #.#####..
#.# #.......# #.#
#.#####..
#########.###.# ##<
...........##.# #.
######.......######.
#.#######..........<....
#.....@@.........#####..
#####.###........# #[.
#. #.....##.# #.. #.
#.....##.#####.. #.
#............... ..
.......##.....†.. ##
###.##.########.# #.#..#
#.# #.#


You could see Terence.

Vanquished Creatures
  3 adders
  4 dart slugs (D:1)
  3 endoplasms (D:1)
  3 goblins
  4 hobgoblins (D:1)
  5 jackals
  3 kobolds
  3 quokkas
  A ball python (D:1)
  2 bats
  3 frilled lizards
  5 rats
39 creatures vanquished.

Notes
Turn   | Place    | Note
-------+----------+-------------------------------------------
     0 | D:1      | tardwrangler69 the Deep Elf Earth Elementalist began the
                  | quest for the Orb.
     0 | D:1      | Reached XP level 1. HP: 10/10 MP: 6/6
   157 | D:1      | Found a faded altar of an unknown god.
   190 | D:1      | Reached XP level 2. HP: 15/15 MP: 6/8
   421 | D:1      | Reached XP level 3. HP: 16/19 MP: 0/10
  1803 | D:3      | Noticed Terence
  1810 | D:3      | Reached XP level 4. HP: 16/24 MP: 7/12
  1810 | D:3      | Killed from afar by Terence

Illustrated notes

Levels and vault maps discovered:
D:1:      erik_arrival_blinker_ship, layout_rooms, basic_ecumenical_altar,
          chequers_hall_statues_corner_a, minmay_tetromino_l4
D:2:      layout_basic, serial_aquarium, aquarium_bridge_square
          [aquarium_subvault_wall, aquarium_subvault_bridge,
          aquarium_subvault_window, aquarium_subvault_bridge],
          aquarium_window_1, aquarium_window_fake, aquarium_view_2b,
          aquarium_view_2b, aquarium_pool_split
D:3:      layout_loops_ring, uniq_terence, uniq_grinder

Skill      XL: |  1  2 |
---------------+-------+-----
Spellcasting   | 4 |  4.7
Earth Magic    | 4 |  4.5
Dodging        | |  2.4
Stealth        | |  2.4
Transmutations | |  1.1

Action                   |  1- 3 |  4- 6 || total
-------------------------+-------+-------++-------
Melee: Unarmed           |     4 |       ||     4
 Cast: Sandblast         |    54 |     1 ||    55
Armor: Robe              |     4 |       ||     4
Dodge: Dodged            |    24 |       ||    24
